AA SOUTH
ROCKET CITY TRASH PANDAS @ JACKSON GENERALS
06/04/2042
 
TOP OF THE 1ST
Rocket City Trash Pandas batting - Pitching for Jackson Generals : RHP Leonidas Calpis
Pitching: RHP Leonidas Calpis
Batting: LHB José Martínez 0-0: Swinging Strike
0-1: Ball
1-1: SINGLE (Line Drive, 34D, EV 106.9 MPH)
Batting: RHB Nate Colbert 0-0: Called Strike
José Martínez steals 2nd base (no throw)
0-1: Ground out 4-3 (Groundball, 4, EV 88.1 MPH)
José Martínez to third
Batting: LHB José Noboa 0-0: Called Strike
0-1: Ball
1-1: DOUBLE (Flyball, 78D, EV 103.8 MPH)
José Martínez scores
Batting: RHB José Martínez 0-0: Foul Ball, location: 9LSF
0-1: Foul Ball, location: 9LSF
0-2: SINGLE (Flyball, 8RS, EV 90.6 MPH)
José Noboa to third
Batting: RHB Andino Vanali 0-0: Called Strike
0-1: Ball
1-1: Ball
2-1: Foul Ball, location: 2F
2-2: Ball
3-2: Foul Ball, location: 25F
3-2: Fly out, F8 (Flyball, 8RM, EV 94.4 MPH)
Batting: RHB Joe Sims 0-0: Called Strike
0-1: Ball
1-1: Fielders Choice at 2nd, 6-4 (Groundball, 6, EV 86.9 MPH)
Top of the 1st over - 1 run, 3 hits, 0 errors, 2 left on base; Rocket City 1 - Jackson 0
BOTTOM OF THE 1ST
Jackson Generals batting - Pitching for Rocket City Trash Pandas : RHP César Soto
Pitching: RHP César Soto
Batting: RHB Jesús Jiménez 0-0: Ground out 4-3 (Groundball, 4, EV 100.6 MPH)
Batting: RHB Dave Bailey 0-0: Ball
1-0: Ball
2-0: Fly out, F9 (Flyball, 89M, EV 91.3 MPH)
Batting: LHB Dan Lynch 0-0: Ball
1-0: Called Strike
1-1: Foul Ball, location: 2F
1-2: Foul Ball, location: 5SF
1-2: Ball
2-2: Ball
3-2: Base on Balls
Batting: SHB Juan Santos 0-0: Called Strike
Dan Lynch is caught stealing 2nd base 2-6
Bottom of the 1st over - 0 runs, 0 hits, 0 errors, 0 left on base; Rocket City 1 - Jackson 0
TOP OF THE 2ND
Rocket City Trash Pandas batting - Pitching for Jackson Generals : RHP Leonidas Calpis
Batting: RHB Tony Rivera 0-0: Ball
1-0: Ball
2-0: Ground out 4-3 (Groundball, 4, EV 80.6 MPH)
Batting: LHB Ho-cheong Kim 0-0: Foul Ball, location: 5FF
0-1: Ball
1-1: Ball
2-1: Fly out, F9 (Flyball, 89D, EV 106.9 MPH)
Batting: RHB Rob Narcia 0-0: Foul Ball, location: 9LDF
0-1: Ball
1-1: Foul Ball, location: 25F
1-2: Ball
2-2: Ground out 6-3 (Groundball, 6, EV 93.8 MPH)
Top of the 2nd over - 0 runs, 0 hits, 0 errors, 0 left on base; Rocket City 1 - Jackson 0
BOTTOM OF THE 2ND
Jackson Generals batting - Pitching for Rocket City Trash Pandas : RHP César Soto
Batting: SHB Juan Santos 0-0: Ball
1-0: Foul Ball, location: 2F
1-1: Foul Ball, location: 3F
1-2: Fly out, F7 (Flyball, 7S, EV 87.5 MPH)
Batting: LHB Mike Lowe 0-0: Called Strike
0-1: Ball
1-1: Foul Ball, location: 9LSF
1-2: Fly out, F8 (Flyball, 8RD, EV 101.9 MPH)
Batting: LHB Randy Parker 0-0: Foul Ball, location: 5FF
0-1: Ball
1-1: Ball
2-1: Foul Ball, location: 7LMF
2-2: Ground out 3-1 (Groundball, 34D, EV 84.4 MPH)
Bottom of the 2nd over - 0 runs, 0 hits, 0 errors, 0 left on base; Rocket City 1 - Jackson 0
TOP OF THE 3RD
Rocket City Trash Pandas batting - Pitching for Jackson Generals : RHP Leonidas Calpis
Batting: LHB José Martínez 0-0: Ball
1-0: Swinging Strike
1-1: Ball
2-1: Ground out 1-3 (Groundball, 13, EV 67.5 MPH)
Batting: RHB Nate Colbert 0-0: Foul Ball, location: 25FF
0-1: Called Strike
0-2: Foul Ball, location: 3F
0-2: Strikes out looking
Batting: LHB José Noboa 0-0: Ball
1-0: Foul Ball, location: 2LF
1-1: Ball
2-1: Fly out, F7 (Flyball, 78S, EV 85.6 MPH)
Top of the 3rd over - 0 runs, 0 hits, 0 errors, 0 left on base; Rocket City 1 - Jackson 0
BOTTOM OF THE 3RD
Jackson Generals batting - Pitching for Rocket City Trash Pandas : RHP César Soto
Batting: LHB José Cordero 0-0: Ball
1-0: Ball
2-0: SINGLE (Groundball, 15S, EV 68.8 MPH) (infield hit)
Batting: RHB Artie McIntosh 0-0: Ball
José Cordero steals 2nd base (no throw)
1-0: Called Strike
1-1: Called Strike
1-2: Fly out, F6 (Line Drive, 6M, EV 95.0 MPH)
Batting: LHB Kevin Parker 0-0: Ball
1-0: Called Strike
1-1: Swinging Strike
1-2: Ball
2-2: Ball
3-2: Strikes out swinging
Batting: RHB Jesús Jiménez 0-0: Ball
1-0: Called Strike
1-1: Foul Ball, location: 5SF
1-2: Ball
2-2: Ball
3-2: Strikes out looking
Bottom of the 3rd over - 0 runs, 1 hit, 0 errors, 1 left on base; Rocket City 1 - Jackson 0
TOP OF THE 4TH
Rocket City Trash Pandas batting - Pitching for Jackson Generals : RHP Leonidas Calpis
Batting: RHB José Martínez 0-0: Ball
1-0: Ball
2-0: Ball
3-0: Base on Balls
Batting: RHB Andino Vanali 0-0: Ball
1-0: Bunt missed!
1-1: Bunted foul
1-2: Ground out 3-1 (Groundball, 34S, EV 76.9 MPH)
José Martínez to second
Batting: RHB Joe Sims 0-0: Ball
1-0: Called Strike
1-1: Called Strike
1-2: Fly out, F8 (Flyball, 8LD, EV 80.6 MPH)
Batting: RHB Tony Rivera 0-0: Ball
1-0: Ball
2-0: Ball
3-0: Called Strike
3-1: Foul Ball, location: 5FF
3-2: Ground out 4-3 (Groundball, 34D, EV 103.1 MPH)
Top of the 4th over - 0 runs, 0 hits, 0 errors, 1 left on base; Rocket City 1 - Jackson 0
BOTTOM OF THE 4TH
Jackson Generals batting - Pitching for Rocket City Trash Pandas : RHP César Soto
Batting: RHB Dave Bailey 0-0: Swinging Strike
0-1: Foul Ball, location: 9LMF
0-2: Ground out 4-3 (Groundball, 4MS, EV 81.3 MPH)
Batting: LHB Dan Lynch 0-0: Ball
1-0: Ground out 6-3 (Groundball, 6M, EV 92.5 MPH)
Batting: SHB Juan Santos 0-0: Called Strike
0-1: Called Strike
0-2: Ball
1-2: Ball
2-2: Ball
3-2: Fly out, F9 (Flyball, 89M, EV 78.1 MPH)
Bottom of the 4th over - 0 runs, 0 hits, 0 errors, 0 left on base; Rocket City 1 - Jackson 0
TOP OF THE 5TH
Rocket City Trash Pandas batting - Pitching for Jackson Generals : RHP Leonidas Calpis
Batting: LHB Ho-cheong Kim 0-0: Ball
1-0: Ball
2-0: Called Strike
2-1: SINGLE (Groundball, 6MD, EV 99.4 MPH)
Batting: RHB Rob Narcia 0-0: Ball
1-0: Foul Ball, location: 9LMF
1-1: Called Strike
1-2: Fly out, F8 (Flyball, 8LS, EV 74.4 MPH)
Batting: LHB José Martínez 0-0: Called Strike
Ho-cheong Kim steals 2nd base
0-1: Ball
1-1: Ball
2-1: Ground out 6-3 (Groundball, 6, EV 86.3 MPH)
Batting: RHB Nate Colbert 0-0: Ball
1-0: Foul Ball, location: 3F
1-1: Foul Ball, location: 2F
1-2: Ground out 1-3 (Groundball, 15S, EV 72.5 MPH)
Top of the 5th over - 0 runs, 1 hit, 0 errors, 1 left on base; Rocket City 1 - Jackson 0
BOTTOM OF THE 5TH
Jackson Generals batting - Pitching for Rocket City Trash Pandas : RHP César Soto
Batting: LHB Mike Lowe 0-0: SINGLE (Groundball, 6MD, EV 94.4 MPH)
Batting: LHB Randy Parker 0-0: Ball
1-0: Ball
2-0: Ball
3-0: Base on Balls
Mike Lowe to second
Batting: LHB José Cordero 0-0: Fly out, F7 (Flyball, 7, EV 92.5 MPH)
Batting: RHB Artie McIntosh 0-0: Ball
1-0: Fly out, F3 (Popup, 3SF, EV 66.9 MPH)
Batting: LHB Kevin Parker 0-0: Ball
1-0: Fly out, F3 (Line Drive, 3L, EV 68.8 MPH)
Bottom of the 5th over - 0 runs, 1 hit, 0 errors, 2 left on base; Rocket City 1 - Jackson 0
TOP OF THE 6TH
Rocket City Trash Pandas batting - Pitching for Jackson Generals : RHP Leonidas Calpis
Batting: LHB José Noboa 0-0: Swinging Strike
0-1: Swinging Strike
0-2: Foul Ball, location: 7LMF
0-2: Strikes out swinging
Batting: RHB José Martínez 0-0: Ball
1-0: Ball
2-0: Foul Ball, location: 2F
2-1: Ball
3-1: Called Strike
3-2: Strikes out swinging
Batting: RHB Andino Vanali 0-0: Ball
1-0: Fly out, F9 (Line Drive, 9LS, EV 90.0 MPH)
Top of the 6th over - 0 runs, 0 hits, 0 errors, 0 left on base; Rocket City 1 - Jackson 0
BOTTOM OF THE 6TH
Jackson Generals batting - Pitching for Rocket City Trash Pandas : RHP César Soto
Batting: RHB Jesús Jiménez 0-0: Called Strike
0-1: Fly out, F3 (Popup, 23F, EV 85.6 MPH)
Batting: RHB Dave Bailey 0-0: Ground out 6-3 (Groundball, 6, EV 86.3 MPH)
Batting: LHB Dan Lynch 0-0: Called Strike
0-1: Called Strike
0-2: Ball
1-2: Ball
2-2: Strikes out looking
Bottom of the 6th over - 0 runs, 0 hits, 0 errors, 0 left on base; Rocket City 1 - Jackson 0
TOP OF THE 7TH
Rocket City Trash Pandas batting - Pitching for Jackson Generals : RHP Leonidas Calpis
Batting: RHB Joe Sims 0-0: Ball
1-0: Ball
2-0: Ball
3-0: Base on Balls
Pitching: RHP Iván Ybarra
Batting: RHB Tony Rivera 0-0: SINGLE (Line Drive, 34D, EV 97.5 MPH)
Joe Sims to second
Runner from 2nd tries for 3rd, SAFE, no throw by RF
Batting: LHB Ho-cheong Kim 0-0: Ball
1-0: Ball
2-0: Called Strike
2-1: Called Strike
Balk!
Joe Sims scores
Tony Rivera to second
2-2: Foul Ball, location: 2F
2-2: Ball
3-2: Strikes out swinging
Batting: RHB Rob Narcia 0-0: Ball
1-0: Foul Ball, location: 3F
1-1: Swinging Strike
1-2: Strikes out swinging
Batting: LHB José Martínez 0-0: Ball
1-0: Foul Ball, location: 7LDF
1-1: Foul Ball, location: 7LDF
1-2: Strikes out swinging
Top of the 7th over - 1 run, 1 hit, 0 errors, 1 left on base; Rocket City 2 - Jackson 0
BOTTOM OF THE 7TH
Jackson Generals batting - Pitching for Rocket City Trash Pandas : RHP César Soto
Batting: SHB Juan Santos 0-0: Ball
1-0: Fly out, F7 (Flyball, 7S, EV 90.6 MPH)
Batting: LHB Mike Lowe 0-0: Ball
1-0: Foul Ball, location: 2F
1-1: Foul Ball, location: 3F
1-2: Strikes out swinging
Batting: LHB Randy Parker 0-0: Ball
1-0: Foul Ball, location: 7LSF
1-1: Called Strike
1-2: Ball
2-2: Ball
3-2: Ground out U3 (Groundball, 3L, EV 77.5 MPH)
Bottom of the 7th over - 0 runs, 0 hits, 0 errors, 0 left on base; Rocket City 2 - Jackson 0
TOP OF THE 8TH
Rocket City Trash Pandas batting - Pitching for Jackson Generals : RHP Iván Ybarra
Batting: RHB Nate Colbert 0-0: Swinging Strike
0-1: Called Strike
0-2: Ground out 1-3 (Groundball, 23, EV 74.4 MPH)
Batting: LHB José Noboa 0-0: Ball
1-0: Ball
2-0: Foul Ball, location: 2F
2-1: Ball
3-1: Foul Ball, location: 2F
3-2: Base on Balls
Batting: RHB José Martínez 0-0: Ball
1-0: Called Strike
1-1: Ball
2-1: Foul Ball, location: 23FF
2-2: Strikes out swinging
Batting: RHB Andino Vanali 0-0: Ball
1-0: Ball
2-0: Ball
3-0: Called Strike
3-1: Base on Balls
José Noboa to second
Batting: RHB Joe Sims 0-0: SINGLE (Groundball, 6S, EV 68.8 MPH) (infield hit)
José Noboa to third
Andino Vanali to second
Batting: RHB Tony Rivera 0-0: Called Strike
0-1: Ball
1-1: Foul Ball, location: 25F
1-2: Ball
2-2: Foul Ball, location: 3DF
2-2: Fly out, F9 (Flyball, 9LSF, EV 88.1 MPH)
Top of the 8th over - 0 runs, 1 hit, 0 errors, 3 left on base; Rocket City 2 - Jackson 0
BOTTOM OF THE 8TH
Jackson Generals batting - Pitching for Rocket City Trash Pandas : RHP César Soto
Pitching: RHP Ángelo Iglésias
Batting: LHB José Cordero 0-0: Called Strike
0-1: Ball
1-1: Ball
2-1: Fly out, F7 (Flyball, 7D, EV 110.0 MPH)
Batting: RHB Artie McIntosh 0-0: Ball
1-0: Foul Ball, location: 2F
1-1: Foul Ball, location: 2F
1-2: Ball
2-2: Strikes out swinging
Batting: LHB Kevin Parker 0-0: Foul Ball, location: 2F
0-1: Ball
1-1: Ball
2-1: Swinging Strike
2-2: Strikes out swinging
Bottom of the 8th over - 0 runs, 0 hits, 0 errors, 0 left on base; Rocket City 2 - Jackson 0
TOP OF THE 9TH
Rocket City Trash Pandas batting - Pitching for Jackson Generals : RHP Iván Ybarra
Batting: LHB Ho-cheong Kim 0-0: Foul Ball, location: 25F
0-1: Ground out 6-3 (Groundball, 6, EV 86.9 MPH)
Batting: RHB Rob Narcia 0-0: Foul Ball, location: 2F
0-1: Ball
1-1: Ball
2-1: Ground out 5-3 (Groundball, 5, EV 82.5 MPH)
Batting: LHB José Martínez 0-0: Ball
1-0: Foul Ball, location: 5SF
1-1: Ball
2-1: DOUBLE (Line Drive, 89D, EV 111.9 MPH)
Batting: RHB Nate Colbert 0-0: DOUBLE (Groundball, 5L, EV 110.6 MPH)
José Martínez scores
Batting: LHB José Noboa 0-0: Ball
1-0: Called Strike
1-1: Foul Ball, location: 2F
1-2: Strikes out swinging
Top of the 9th over - 1 run, 2 hits, 0 errors, 1 left on base; Rocket City 3 - Jackson 0
BOTTOM OF THE 9TH
Jackson Generals batting - Pitching for Rocket City Trash Pandas : RHP Ángelo Iglésias
Pitching: RHP Jeff Gross
Batting: RHB Jesús Jiménez 0-0: Foul Ball, location: 9LSF
0-1: Ball
1-1: Swinging Strike
1-2: Strikes out swinging
Batting: RHB Dave Bailey 0-0: Ball
1-0: Ball
2-0: Swinging Strike
2-1: Ball
3-1: Swinging Strike
3-2: Foul Ball, location: 3F
3-2: Ground out 5-3 (Groundball, 56, EV 84.4 MPH)
Batting: LHB Dan Lynch 0-0: Called Strike
0-1: Ball
1-1: Ground out 4-3 (Groundball, 4, EV 86.3 MPH)
Bottom of the 9th over - 0 runs, 0 hits, 0 errors, 0 left on base; Rocket City 3 - Jackson 0
Friday, May 3rd , 2024 - OOTP Baseball 24.10 Build 82